AoeStats
← CazadorGT

Fortress

509977130Analyzed
2v2 RM · 3d ago on Sep 28, 2026· 36m 48s· 4 players
Game mode
Random Map
Map size
Normal (6 player)
Population
200
Speed
Normal
Resources
Standard
Victory
Conquest
Starting age
Dark Age
Ending age
Imperial Age
RankedLock teamsTeams togetherTeam positionsShared explorationLock speedFull tech treeHidden civsTurbo modeCheats
Victory
Defeat
🇺🇸 Vikings · United States
1224
+13
🇵🇰 Lithuanians · Pakistan
1195
+15
🇦🇷 Poles · Argentina
1189
-15
🇬🇹 Teutons · Guatemala
1145
-13
Choncho
7:02 Feudal Age
11:11 Castle Age
10:41 Loom
12:40 Double-Bit Axe
20:51 Forging
21:28 Scale Mail Armor
23:45 Iron Casting
23:56 Squires
25:34 Chain Mail Armor
32:46 Bow Saw
32:18 Horse Collar
33:34 Heavy Plow
33:24 Arson
38:55 Imperial Age
NSN WAJID
2:25 Loom
9:13 Feudal Age
11:13 Double-Bit Axe
11:09 Horse Collar
13:30 Castle Age
11:25 Gold Mining
18:32 Wheelbarrow
26:30 Imperial Age
33:08 Light Cavalry
35:52 Bloodlines
CazadorGT
8:23 Feudal Age
12:15 Castle Age
10:05 Double-Bit Axe
11:07 Forging
11:25 Horse Collar
12:30 Gold Mining
20:27 Loom
20:53 Squires
21:43 Scale Mail Armor
23:31 Chain Mail Armor
23:55 Town Watch
25:24 Iron Casting
frankocat
7:06 Feudal Age
11:09 Castle Age
10:52 Double-Bit Axe
11:21 Horse Collar
12:15 Bow Saw
13:21 Szlachta Privileges
15:50 Bloodlines
15:41 Husbandry
17:24 Loom
19:41 Scale Barding Armor
Connection lost

Rejoining the realm…

Still unreachable

The connection could not be restored.

Session expired

The server has moved on; the page needs a fresh start.